 Dungeon Crawl Stone Soup version 0.26-a0-651-gb41185065b (webtiles) character file.

Game seed: 8076392249592936284

(classic levelgen) 186246 EnegeticOcto the Severer (level 17, 97/147 HPs)
             Began as a Deep Dwarf Fighter on Oct 10, 2020.
             Was the Champion of Makhleb.
             Quit the game on level 5 of the Abyss.
             The game lasted 00:16:23 (15849 turns).

EnegeticOcto the Severer (Deep Dwarf Fighter)      Turns: 15849, Time: 00:16:23

Health: 97/147     AC: 30    Str: 25    XL:     17   Next: 14%
Magic:  10/10      EV: 15    Int:  9    God:    Makhleb [******]
Gold:   414        SH: 22    Dex: 14    Spells: 16/16 levels left

rFire    . . .     SeeInvis .   a - +8 broad axe (elec)
rCold    + . .     Faith    .   c - +3 kite shield
rNeg     + . .     Spirit   .   x - +0 plate armour
rPois    +         Reflect  +   s - +2 helmet
rElec    +         Harm     .   z - +1 cloak of Starlight {rElec rC+ EV+4 Stlth--}
rCorr    .         Rampage  .   q - +2 pair of gloves
MR       +++..     Rnd*Tele +   (no boots)
Stlth    ..........             o - amulet of reflection
HPRegen  0.00/turn              O - ring "Deikkuwo" {AC+4 Stlth+}
MPRegen  0.12/turn              E - ring of poison resistance

@: non-regenerating
A: damage resistance, heal wounds, talons 1, agile 1, blurry vision 1,
deterioration 1, dopey 1, frail 1, magic resistance 1, negative energy
resistance 1, sense surroundings 2, screaming 1, teleportitis 2, no regeneration
}: 2/15 runes: barnacled, gossamer
a: Heal Wounds, Minor Destruction, Lesser Servant of Makhleb, Major Destruction,
Greater Servant of Makhleb, Renounce Religion


You were on level 5 of the Abyss.
You worshipped Makhleb.
Makhleb was exalted by your worship.
You visited 5 branches of the dungeon, and saw 29 of its levels.
You visited the Abyss 1 time.
You visited 1 bazaar.
You also visited: Gauntlet.

You collected 3112 gold pieces.
You spent 2698 gold pieces at shops.

Inventory:

Hand Weapons
 a - a +8 broad axe of electrocution (weapon)
 N - a +1 spear of distortion
Missiles
 M - a throwing net (quivered)
Armour
 c - a +3 kite shield (worn)
 q - a +2 pair of gloves (worn)
 s - a +2 helmet (worn)
 x - a +0 plate armour (worn)
 z - the +1 cloak of Starlight (worn) {rElec rC+ EV+4 Stlth--}
   (You bought it in a shop in a bazaar)

   It affects your evasion (+4).
   It protects you from cold.
   It insulates you from electricity.
   It makes you much less stealthy.
Jewellery
 o - an amulet of reflection (around neck)
 E - a ring of poison resistance (right hand)
 J - an uncursed ring of see invisible
 K - the ring "Diubea" {rN+ Dex+6 Slay+2}
   (You took it off a minotaur in a Gauntlet)

   [ring of dexterity]

   It affects your dexterity (+6).
   It affects your accuracy and damage with ranged weapons and melee attacks
   (+2).
   It protects you from negative energy.
 O - the ring "Deikkuwo" (left hand) {AC+4 Stlth+}
   (You acquired it on level 1 of the Spider Nest)

   [ring of protection]

   It affects your AC (+4).
   It makes you more stealthy.
Wands
 j - a wand of paralysis (6)
 n - a wand of iceblast (28) {@v2}
 t - a wand of polymorph (32)
 v - a wand of digging (7) {@v3}
 y - a wand of acid (12) {@v1}
Scrolls
 b - 5 scrolls of identify {@r1}
 e - 3 scrolls of magic mapping {@r5}
 g - 3 scrolls of blinking
 k - a scroll of immolation {@r4}
 l - 6 scrolls of remove curse {@r2}
 p - 2 scrolls of fear
 B - 4 scrolls of teleportation {@r3}
Potions
 d - 5 potions of might {@q3}
 f - 7 potions of ambrosia
 h - 8 potions of stabbing {@q5}
 i - 3 potions of magic
 m - 16 potions of curing {@q1}
 u - 3 potions of heal wounds {@q2}
 w - 4 potions of flight
 A - a potion of resistance {@q6}
 C - 4 potions of lignification {@q7}
 D - 2 potions of haste {@q4}
 F - a potion of mutation
 I - 2 potions of invisibility
Miscellaneous
 L - a condenser vane (2/2)


   Skills:
 * Level 13.3 Fighting
 - Level 18.0 Axes
 + Level 13.7 Armour
 + Level 8.0 Dodging
 + Level 13.6 Shields
 + Level 15.0 Invocations


You had 16 spell levels left.
You didn't know any spells.
Your spell library was empty.

Dungeon Overview and Level Annotations

Branches:
Dungeon (15/15)            Temple (0/1) D:7            Lair (4/6) D:9
 Shoals (4/4) Lair:4       Spider (4/4) Lair:4          Orc (2/2) D:11
    Elf (0/3) Orc:2        Vaults (0/5) D:14         Depths (0/5) D:15
Gauntlet (visited)

Altars:
Cheibriados
Elyvilon
Fedhas
Hepliaklqana
Kikubaaqudgha
Makhleb
Nemelex Xobeh
Okawaru
Qazlal
Ru
Sif Muna
Trog
Uskayaw
Vehumet
Wu Jian
Xom
The Shining One
Beogh

Shops:
D:8 *   D:9 (   D:11 ?   D:13 ?   Orc:2 [**:

Annotations:
Shoals:4 exclusion: 2 oklob plants


Innate Abilities, Weirdness & Mutations

You are resistant to damage.
You can heal yourself by infusing magical energy.
You resist negative energy. (rN+)
You passively map the area around you.
You do not regenerate.
You have sharp toenails.
You are agile. (Dex +2)
Scrolls take you a little longer to read.
Your body sometimes deteriorates upon taking damage.
You are dopey. (Int -2)
You are frail. (-10% HP)
You are resistant to hostile enchantments. (MR+)
You occasionally shout uncontrollably at your foes.
You are sometimes teleported next to monsters.


Message History

You are covered in liquid flames!
The Executioner hits you! You block the Executioner's attack. x3
The Executioner hits you but does no damage.
You block the Executioner's attack. The smoke demon gestures at you.
The ball of steam hits you!
You miss the Executioner. Your kick misses the Executioner.
The Executioner is almost dead.
You are engulfed in a cloud of scalding steam.
You are covered in liquid flames!
You block the Executioner's attack. x3
The Executioner hits you but does no damage.
The Executioner completely misses you.
The Executioner hits you but does no damage.
You slice the Executioner!!
You kill the Executioner!
Makhleb accepts your kill.
You feel better.
Your Dodging skill increases to level 8!
You hit the smoke demon.
You are engulfed in a cloud of scalding steam.
You slash the smoke demon! You claw the smoke demon!
The smoke demon is heavily wounded.
You are engulfed in a cloud of scalding steam.
The smoke demon barely misses you. The smoke demon closely misses you.
The smoke demon hits you.
You barely miss the smoke demon.
The smoke demon is heavily wounded.
You are engulfed in a cloud of scalding steam.
You block the smoke demon's attack.
The smoke demon hits you but does no damage.
The smoke demon hits you.
You slice the smoke demon!!
You kill the smoke demon!
Makhleb accepts your kill.
No target in view!
No target in view!
No target in view!
A large abomination comes into view.
A large abomination is nearby!
A large abomination is nearby!
A spatial vortex comes into view.
The spatial vortex moves out of view.
A large abomination is nearby!
A large abomination is nearby!
A large abomination is nearby!
You slash the large abomination! You claw the large abomination.
The large abomination is heavily damaged.
You hit the large abomination.
The large abomination is heavily damaged.
You block the large abomination's attack.
You hit the large abomination. You claw the large abomination.
The large abomination is heavily damaged.
A large abomination is nearby!
A large abomination is nearby!
A large abomination is nearby!
A large abomination is nearby!
A large abomination is nearby!
A large abomination is nearby!
You slash the large abomination!
Lightning courses through the large abomination!
The large abomination is almost destroyed.
You block the large abomination's attack.
You slash the large abomination!
Lightning courses through the large abomination!
You destroy the large abomination!
Makhleb accepts your kill.
You feel better.
A raiju comes into view.
The raiju barks!
You hear a bark!
A hell hog comes into view.
The hell hog squeals angrily.
The hell hog breathes fire at you.
The fireball explodes!
The fireball engulfs you!!!
A hell hog comes into view.
The hell hog squeals angrily.
You hear a bark! x2; You hear a roar! x2
You slice the raiju!!
The raiju is heavily wounded.
The raiju bursts into living lightning!
The living lightning hits you. You resist. The living lightning misses you.
The raiju blinks! x2
You barely miss the raiju.
The raiju is heavily wounded.
You block the raiju's attack.
You slash the raiju! You claw the raiju, but do no damage.
The raiju is severely wounded.
The hell hog breathes fire at you.
The fireball explodes!
The fireball engulfs the hell hog!
The hell hog resists.
The fireball engulfs you! You block the raiju's attack.
You hear a roar!
You hear a bark!
You miss the raiju. Your kick misses the raiju.
The raiju is severely wounded.
You slash the hell hog! You block the hell hog's attack.
You block the raiju's attack.
You barely miss the raiju. You claw the raiju.
The raiju is almost dead.
You slash the hell hog! Lightning courses through the hell hog!
You slice the hell hog!! You block the hell hog's attack.
The hell hog bites you but does no damage.
Are you sure you want to abandon this character and quit the game? (Confirm with "yes".)

...§.#.....
#.....§....#
#..§§≈§....#
#...≈.≈....#
##'#...≈≈≈....# .
.............#### # #
##............
#hh...?......
##@........ ..
####h.#....... .
##..............
##..#.#.......... . .
##..#.##....#...... .
##..##.#.............
. .####.
#...########## #
.###### # #.. #


You could see 2 hell hogs and a raiju.

Vanquished Creatures
  A tentacled starspawn (Abyss:5)
  An Executioner (Abyss:5)
  Kirke (Lair:4)
  A fire giant (D:15)
  2 ghost moths (Spider:4)
  An emperor scorpion (Spider:4)
  A frost giant (Shoals:4)
  2 entropy weavers (Spider:1)
  Nessos (D:14)
  A spark wasp (Spider:4)
  A minotaur (Gauntlet)
  2 merfolk javelineers
  Snorg (Lair:3)
  Josephine (Lair:4)
  3 merfolk impalers (Shoals:4)
  2 hydras
  7 merfolk aquamancers
  An ogre mage (D:14)
  5 centaur warriors
  2 catoblepae
  8 two-headed ogres
  A queen ant (Spider:1)
  A death yak (Lair:4)
  2 tengu warriors
  Urug (Lair:2)
  3 orc high priests (Orc:2)
  A thrashing horror (Abyss:5)
  Nergalle (Lair:4)
  5 skeletal warriors
  5 sea snakes
  An unseen horror (D:13)
  2 orc knights
  A harpy (Shoals:4)
  A wolf spider zombie (D:15)
  An oklob plant (Lair:2)
  9 fauns
  An orc sorcerer (Orc:2)
  A deep elf mage (D:12)
  19 wolf spiders
  2 moths of wrath
  10 ugly things
  9 manticores
  15 orb spiders
  A worldbinder (Abyss:5)
  3 large abominations
  Maurice (D:13)
  5 cyclopes
  9 merfolk sirens
  A smoke demon (Abyss:5)
  2 water nymphs
  2 gargoyles
  A molten gargoyle (Gauntlet)
  A torpor snail (Lair:4)
  8 cane toads
  A black mamba (Lair:4)
  3 centaur skeletons (D:14)
  3 komodo dragons
  2 freezing wraiths
  4 yaktaurs (D:14)
  A queen bee (Gauntlet)
  5 demonic crawlers
  16 merfolk
  12 jumping spiders
  A queen bee (shapeshifter) (D:15)
  3 trolls
  3 hornets
  A polar bear (D:8)
  3 meliai (Spider:3)
  11 hippogriffs
  3 wind drakes
  8 blink frogs
  3 snapping turtles
  3 raiju (Abyss:5)
  16 slime creatures
  37 redbacks
  5 water elementals
  15 tarantellas
  3 wyverns
  7 wraiths
  42 yaks
  A vampire (D:10)
  A hog (Lair:4)
  3 basilisks
  A basilisk (shapeshifter) (D:13)
  3 vampire mosquitoes (D:15)
  9 wargs
  22 soldier ants (Spider:1)
  3 acid dragons
  9 water moccasins
  10 porcupines
  Duvessa (D:5)
  4 black bears
  2 necrophages
  19 orc warriors
  6 ice beasts
  2 phantoms
  5 sky beasts
  11 ogres
  3 eyes of draining
  13 wolves
  10 centaurs
  8 crocodiles
  3 big kobolds
  17 bullfrogs
  A wyvern zombie (D:14)
  A small abomination (Abyss:5)
  4 wyvern skeletons
  Dowan (D:5)
  4 scorpions
  3 wights (D:11)
  8 killer bees
  2 vampire bats (D:7)
  10 howler monkeys
  An electric eel (Spider:1)
  5 jellies
  35 orc priests
  9 hounds
  3 bullfrog skeletons
  A gnoll shaman (D:8)
  2 iguanas
  Ijyb (D:5)
  32 orc wizards
  27 worker ants
  A hound skeleton (D:7)
  2 hound zombies
  2 worker ant zombies
  3 river rats (D:6)
  11 adders
  10 gnolls
  4 shadow imps
  5 white imps
  An ooze (D:3)
  4 ufetubi
  4 worms
  A dart slug (D:2)
  5 leopard geckos
  90 orcs
  A ball python (D:5)
  3 bats
  3 bat skeletons (D:7)
  A bat zombie (D:7)
  3 giant cockroaches
  7 goblins
  5 hobgoblins
  4 jackals (D:6)
  16 kobolds
  4 quokkas
  4 frilled lizards
  A leopard gecko simulacrum (D:8)
  A leopard gecko zombie (D:6)
  3 rats
  A butterfly (Lair:3)
898 creatures vanquished.

Vanquished Creatures (collateral kills)
  2 ghost moths (Spider:4)
  4 emperor scorpions (Spider:4)
  An entropy weaver (Spider:4)
  A spark wasp (Spider:4)
  A merfolk javelineer (Shoals:3)
  2 hydras
  An alligator snapping turtle (Shoals:4)
  A merfolk aquamancer (Shoals:4)
  3 merfolk avatars
  An orc high priest (Orc:2)
  2 sea snakes
  An unseen horror (D:12)
  An orb spider (Spider:4)
  A wolf spider (Spider:4)
  A manticore (Shoals:4)
  A cyclops (D:12)
  A merfolk siren (Shoals:4)
  A water nymph (Shoals:3)
  3 demonic crawlers (Spider:4)
  2 jumping spiders (Spider:4)
  A wind drake (Shoals:4)
  8 merfolk
  3 hornets (Spider:4)
  A snapping turtle (Shoals:4)
  2 hippogriffs
  A water elemental (Shoals:3)
  2 tarantellas (Spider:4)
  A yak (Lair:2)
  A warg (Orc:2)
  A crocodile (Lair:2)
  A bullfrog (Lair:2)
  An electric eel (Spider:4)
  An orc wizard (Orc:2)
  3 orc priests (Orc:2)
  2 worker ants
60 creatures vanquished.

Vanquished Creatures (others)
  A manticore (Shoals:4)
  4 humans (Lair:4)
  An orc (Orc:2)
  A demonic plant (Abyss:5)
  66 fungi
  108 plants
  2 starspawn tentacles (Abyss:5)
183 creatures vanquished.

Grand Total: 1141 creatures vanquished

Notes
Turn   | Place    | Note
-------+----------+-------------------------------------------
     0 | D:1      | EnegeticOcto the Deep Dwarf Fighter began the quest for the
                  | Orb.
     0 | D:1      | Reached XP level 1. HP: 20/20 MP: 1/1
    86 | D:2      | Reached XP level 2. HP: 27/27 MP: 2/2
   126 | D:2      | Reached skill level 3 in Axes
   126 | D:2      | Reached XP level 3. HP: 30/33 MP: 3/3
   146 | D:3      | Reached XP level 4. HP: 26/42 MP: 3/3
   178 | D:3      | Found a white marble altar of Elyvilon.
   415 | D:3      | Found a sparkling altar of Nemelex Xobeh.
   415 | D:3      | Found a snail-covered altar of Cheibriados.
   440 | D:4      | Found a glowing golden altar of the Shining One.
   466 | D:4      | Reached skill level 4 in Axes
   466 | D:4      | Reached XP level 5. HP: 33/49 MP: 3/3
   645 | D:4      | Reached XP level 6. HP: 31/57 MP: 4/4
  1022 | D:4      | Reached skill level 5 in Axes
  1127 | D:4      | Found a burning altar of Makhleb.
  1136 | D:4      | Became a worshipper of Makhleb the Destroyer
  1160 | D:5      | Entered Level 5 of the Dungeon
  1220 | D:5      | Reached skill level 1 in Invocations
  1220 | D:5      | Reached XP level 7. HP: 49/64 MP: 2/2
  1317 | D:5      | Noticed Duvessa
  1319 | D:5      | Noticed Dowan
  1331 | D:5      | Killed Dowan
  1358 | D:5      | Killed Duvessa
  1358 | D:5      | Reached skill level 5 in Armour
  1358 | D:5      | Reached skill level 5 in Shields
  1390 | D:5      | Reached skill level 6 in Axes
  1454 | D:5      | Reached * piety under Makhleb
  1460 | D:5      | Noticed Ijyb
  1532 | D:5      | Killed Ijyb
  1559 | D:5      | Found a shimmering altar of Xom.
  1806 | D:5      | Reached XP level 8. HP: 48/73 MP: 5/5
  2027 | D:6      | Reached ** piety under Makhleb
  2203 | D:6      | Reached skill level 7 in Axes
  2227 | D:6      | Found a glowing drain.
  2650 | D:6      | Found a blossoming altar of Fedhas.
  2716 | D:6      | Found a sacrificial altar of Ru.
  2843 | D:7      | Noticed a hippogriff
  2856 | D:7      | Killed a hippogriff
  2856 | D:7      | Reached skill level 5 in Fighting
  2942 | D:7      | Reached skill level 8 in Axes
  2964 | D:7      | You fall into a shaft and drop 3 floors!
  2964 | D:10     | Entered Level 10 of the Dungeon
  2972 | D:10     | Gained mutation: You passively map the area around you.
                  | [Deep Dwarf growth]
  2972 | D:10     | Reached XP level 9. HP: 69/81 MP: 7/7
  2991 | D:10     | Reached skill level 5 in Invocations
  3004 | D:10     | Noticed a two-headed ogre
  3019 | D:10     | Killed a two-headed ogre
  3041 | D:10     | Reached skill level 9 in Axes
  3069 | D:9      | Noticed a two-headed ogre
  3087 | D:9      | Killed a two-headed ogre
  3087 | D:9      | Reached XP level 10. HP: 72/91 MP: 6/6
  3091 | D:9      | Found Wuptugu's Antique Weapon Boutique.
  3099 | D:9      | Bought a glowing broad axe for 224 gold pieces
  3110 | D:9      | Found a hazy altar of Hepliaklqana.
  3178 | D:9      | Found a shimmering blue altar of Sif Muna.
  3187 | D:9      | Reached *** piety under Makhleb
  3288 | D:9      | Found a staircase to the Lair.
  3308 | D:9      | Reached skill level 10 in Axes
  3444 | D:9      | Found a bloodstained altar of Trog.
  3546 | D:9      | Found a radiant altar of Vehumet.
  3686 | D:8      | Found a hide-covered altar of Uskayaw.
  3688 | D:8      | Found a stormy altar of Qazlal.
  3736 | D:8      | Found an ornate altar of the Wu Jian Council.
  4180 | D:8      | Reached skill level 11 in Axes
  4239 | D:8      | Reached **** piety under Makhleb
  4303 | D:8      | Found Foguepabb's General Store.
  4398 | D:7      | Found a staircase to the Ecumenical Temple.
  4484 | D:7      | Found an iron altar of Okawaru.
  4560 | D:7      | Reached XP level 11. HP: 55/100 MP: 9/9
  4725 | D:7      | Found an ancient bone altar of Kikubaaqudgha.
  5540 | D:11     | Found a staircase to the Orcish Mines.
  5631 | D:11     | Noticed a purple ugly thing
  5640 | D:11     | Killed a purple ugly thing
  5764 | D:11     | Reached ***** piety under Makhleb
  5854 | D:11     | Found Qibut's Magic Scroll Emporium.
  6175 | Orc:1    | Entered Level 1 of the Orcish Mines
  6384 | Orc:2    | Entered Level 2 of the Orcish Mines
  6398 | Orc:2    | Found a staircase to the Elven Halls.
  6418 | Orc:2    | Reached skill level 12 in Axes
  6428 | Orc:2    | Found a roughly hewn altar of Beogh.
  6471 | Orc:2    | Noticed an orc sorcerer
  6488 | Orc:2    | Killed an orc sorcerer
  6558 | D:11     | Bought a scroll of acquirement for 728 gold pieces
  6558 | D:11     | Acquired 863 gold pieces
  6560 | D:11     | Bought a scroll of blinking for 105 gold pieces
  6560 | D:11     | Bought a scroll of enchant weapon for 105 gold pieces
  6560 | D:11     | Bought a scroll of teleportation for 42 gold pieces
  6560 | D:11     | Bought a scroll of teleportation for 42 gold pieces
  6620 | D:12     | Noticed a two-headed ogre
  6631 | D:12     | Killed a two-headed ogre
  6732 | D:12     | Noticed a red ugly thing
  6743 | D:12     | Killed a red ugly thing
  6743 | D:12     | Reached XP level 12. HP: 97/110 MP: 8/8
  6854 | D:12     | Noticed an eight-headed hydra
  6869 | D:12     | Killed a 14-headed hydra
  6936 | D:12     | Noticed a two-headed ogre
  6942 | D:12     | Killed a two-headed ogre
  7055 | D:12     | Reached skill level 10 in Invocations
  7131 | D:12     | Reached skill level 13 in Axes
  7320 | D:13     | Noticed Maurice
  7326 | D:13     | Killed Maurice
  7488 | D:13     | Reached skill level 10 in Shields
  7490 | D:13     | Reached skill level 10 in Armour
  7631 | D:13     | Found Kamonaf's Magic Scroll Shoppe.
  7680 | D:13     | Bought a scroll of enchant weapon for 90 gold pieces
  7680 | D:13     | Bought a scroll of enchant armour for 90 gold pieces
  7680 | D:13     | Bought a scroll of teleportation for 36 gold pieces
  7680 | D:13     | Bought a scroll of magic mapping for 42 gold pieces
  7690 | D:13     | Noticed a two-headed ogre
  7697 | D:13     | Killed a two-headed ogre
  7700 | D:13     | Noticed a tengu warrior
  7710 | D:13     | Killed a tengu warrior
  7784 | D:13     | Noticed a centaur warrior
  7792 | D:13     | Killed a centaur warrior
  8024 | D:13     | You fall into a shaft and drop 2 floors!
  8024 | D:15     | Entered Level 15 of the Dungeon
  8231 | D:15     | Noticed a two-headed ogre
  8238 | D:15     | Killed a two-headed ogre
  8238 | D:15     | Reached skill level 14 in Axes
  8238 | D:15     | Reached XP level 13. HP: 116/121 MP: 6/6
  8657 | D:15     | Found a staircase to the Depths.
  8657 | D:15     | Noticed a fire giant
  8668 | D:15     | Killed a fire giant
  8858 | D:14     | Noticed Nessos
  8869 | D:14     | Killed Nessos
  9030 | D:14     | Reached ****** piety under Makhleb
  9036 | D:14     | Reached skill level 15 in Axes
  9169 | D:14     | Gained mutation: You resist negative energy. (rN+) [Deep
                  | Dwarf growth]
  9169 | D:14     | Reached XP level 14. HP: 120/130 MP: 7/7
  9379 | D:14     | Reached skill level 10 in Fighting
  9398 | D:14     | Found a gate to the Vaults.
  9425 | D:14     | Reached skill level 1 in Dodging
 10049 | Lair:1   | Entered Level 1 of the Lair of Beasts
 10321 | Orc:2    | Found Itruucia's General Store.
 10322 | Orc:2    | Found Funnirem's Book Shop.
 10350 | Orc:2    | Found a roughly hewn altar of Beogh.
 10416 | Orc:2    | Found Canwankik's Armour Emporium.
 10416 | Orc:2    | Found Cofroton's General Store.
 11275 | Lair:2   | Noticed Urug
 11291 | Lair:2   | Killed Urug
 11865 | Lair:3   | Found a gate leading to a gauntlet.
 11875 | Gauntlet | Entered a Gauntlet
 11875 | Gauntlet | Found a transporter.
 11878 | Gauntlet | Found a transporter.
 11937 | Gauntlet | Found a transporter.
 11937 | Gauntlet | Found a transporter.
 11942 | Gauntlet | Found a transporter.
 11951 | Gauntlet | Found a transporter.
 11955 | Gauntlet | Found a large runed translucent door.
 11956 | Gauntlet | Found a large runed translucent door.
 11957 | Gauntlet | Found a large runed translucent door.
 11957 | Gauntlet | Found a large runed translucent door.
 11957 | Gauntlet | Found a transporter.
 11957 | Gauntlet | Found a large runed translucent door.
 11958 | Gauntlet | Found a runed translucent door.
 11977 | Gauntlet | Found a transporter.
 11994 | Gauntlet | Found a large runed translucent door.
 11995 | Gauntlet | Found a large runed translucent door.
 12010 | Gauntlet | Found a runed translucent door.
 12010 | Gauntlet | Found a large runed translucent door.
 12010 | Gauntlet | Found a large runed translucent door.
 12011 | Gauntlet | Found a large runed translucent door.
 12012 | Gauntlet | Found a large runed translucent door.
 12012 | Gauntlet | Found a large runed translucent door.
 12013 | Gauntlet | Found a large runed translucent door.
 12013 | Gauntlet | Found a large runed translucent door.
 12013 | Gauntlet | Found a large runed translucent door.
 12013 | Gauntlet | Found a large runed translucent door.
 12018 | Gauntlet | Found a transporter.
 12026 | Gauntlet | Noticed a balrug
 12026 | Gauntlet | Found a runed translucent gate.
 12026 | Gauntlet | Found a transporter.
 12054 | Gauntlet | Found a transporter.
 12062 | Gauntlet | Identified the ring "Diubea" {rN+ Dex+6 Slay+2}
 12120 | Lair:3   | Noticed Snorg
 12128 | Lair:3   | Killed Snorg
 12128 | Lair:3   | Reached skill level 16 in Axes
 12267 | Lair:3   | You fall into a shaft and drop 1 floor!
 12269 | Lair:4   | Found a hole to the Spider Nest.
 12269 | Lair:4   | Noticed Josephine
 12281 | Lair:4   | Killed Josephine
 12333 | Lair:4   | Noticed Nergalle
 12340 | Lair:4   | Killed Nergalle
 12371 | Lair:4   | Noticed Kirke
 12389 | Lair:4   | Killed Kirke
 12532 | Lair:4   | Reached XP level 15. HP: 118/141 MP: 6/6
 12797 | Lair:4   | Found a staircase to the Shoals.
 13085 | Lair:4   | Gained mutation: You are agile. (Dex +2) [potion of
                  | mutation]
 13085 | Lair:4   | Gained mutation: You have sharp toenails. [potion of
                  | mutation]
 13085 | Lair:4   | Gained mutation: You are resistant to hostile enchantments.
                  | (MR+) [potion of mutation]
 13127 | Shoals:1 | Entered Level 1 of the Shoals
 13328 | Shoals:3 | Reached skill level 5 in Dodging
 13400 | Bazaar   | Entered a bazaar
 13400 | Bazaar   | Found Pueju's Distillery.
 13400 | Bazaar   | Found Duujus's Antique Armour Shop.
 13407 | Bazaar   | Bought the +1 cloak of Starlight {rElec rC+ EV+4 Stlth--}
                  | for 1068 gold pieces
 13407 | Bazaar   | Found the +1 cloak of Starlight {rElec rC+ EV+4 Stlth--}
 13429 | Bazaar   | Bought a potion of haste for 70 gold pieces
 13429 | Bazaar   | Bought a potion of might for 28 gold pieces
 13429 | Bazaar   | Bought a potion of might for 28 gold pieces
 13434 | Bazaar   | Found Beitwit's Antique Weapon Shop.
 13520 | Shoals:3 | Identified the +6 falchion of Instant Death {antimagic,
                  | +Fly rN+ Str+3 Dex-2}
 13676 | Shoals:4 | Entered Level 4 of the Shoals
 14023 | Shoals:4 | Reached skill level 17 in Axes
 14068 | Shoals:4 | Noticed a frost giant
 14079 | Shoals:4 | Reached XP level 16. HP: 127/152 MP: 8/8
 14103 | Shoals:4 | Got a barnacled rune of Zot
 14293 | Spider:1 | Entered Level 1 of the Spider Nest
 14685 | Spider:1 | Acquired the ring "Deikkuwo" {AC+4 Stlth+}
 14827 | Spider:4 | Entered Level 4 of the Spider Nest
 15102 | Spider:4 | Reached skill level 18 in Axes
 15319 | Spider:4 | Got a gossamer rune of Zot
 15353 | Spider:4 | Reached XP level 17. HP: 163/164 MP: 10/10
 15621 | D:9      | Cast into level 4 of the Abyss (unwielding a weapon of
                  | distortion)
 15626 | Abyss:4  | Gained mutation: You occasionally shout uncontrollably at
                  | your foes. [mutagenic glow]
 15633 | Abyss:4  | Gained mutation: Your body sometimes deteriorates upon
                  | taking damage. [mutagenic glow]
 15642 | Abyss:4  | Gained mutation: You are frail. (-10% HP) [mutagenic glow]
 15649 | Abyss:4  | Found a corrupted altar of Lugonu.
 15652 | Abyss:4  | Gained mutation: You are dopey. (Int -2) [mutagenic glow]
 15672 | Abyss:4  | Gained mutation: Scrolls take you a little longer to read.
                  | [mutagenic glow]
 15688 | Abyss:4  | Gained mutation: You are occasionally teleported next to
                  | monsters. [mutagenic glow]
 15693 | Abyss:5  | Entered Level 5 of the Abyss
 15706 | Abyss:5  | Gained mutation: You are sometimes teleported next to
                  | monsters. [mutagenic glow]
 15790 | Abyss:5  | Reached skill level 15 in Invocations
 15849 | Abyss:5  | Quit the game

Illustrated notes

Levels and vault maps discovered:
D:1:      lightli_arrival_boilingwater, layout_rooms
D:2:      layout_loops_ring
D:3:      layout_loops_ring, elyvilon_altar_1, gammafunk_temple_overflow_pools
D:4:      layout_basic, kennysheep_mini, old_standard_altar, st_stairs_4,
          minmay_cut_off
D:5:      layout_basic, xom_butterflies, uniq_duvessa, uniq_ijyb
D:6:      layout_basic, fedhas_altar_3, nicolae_ru_path_of_blood,
          lightli_sewer_entry_pipes
D:7:      lemuel_upstairs_altar, layout_rooms, okawaru_metal_pillars_1_2,
          kennysheep_vampire_church, minmay_temple_entry_glass,
          kennysheep_potato
D:8:      layout_gridville, lemuel_crystal_altar, lemuel_crystal_altar,
          nicolae_qazlal_general_emergency, serial_ice, serial_ice_g,
          serial_ice_k, serial_ice_b, serial_ice_n, serial_ice_h, serial_shops,
          nicolae_shop_window_shopping
D:9:      layout_basic, nicolae_overflow_crystal_walls, fiery_altar_vehumet,
          lemuel_doored_altar, due_lair_maze_entry_diamond, serial_shops,
          nicolae_shop_overgrown_old_shop, trog_hazing_becter
D:10:     layout_irregular_city
D:11:     layout_small_grid, david_orc_3, serial_shops, shop_statue
D:12:     layout_irregular_city
D:13:     minmay_inner_zag, layout_long_grid, serial_shops, shop, uniq_maurice
D:14:     layout_gridville, hangedman_vaults_entry_quadrant_bands,
          chequers_serial_rivers_micro_d, chequers_serial_rivers_large_a,
          kennysheep_minor_cross, uniq_nessos
D:15:     grunt_enter_depths_giant_problem, layout_irregular_city
Lair:1:   layout_long_grid, grunt_megastairs_1, minmay_lair_oklob_chamber
Lair:2:   layout_long_grid, grunt_megastairs_3, uniq_urug
Lair:3:   layout_loops_ring, gauntlet_entry_generic, lemuel_fruit_fields,
          uniq_snorg
Lair:4:   layout_loops_ring, elwin_shoals_entry_rooms,
          nicolae_spider_entry_orb_guardian, uniq_kirke, uniq_nergalle,
          uniq_josephine
Shoals:1: layout_shoals, nicolae_shoals_kraken_intersection
Shoals:2: layout_shoals
Shoals:3: layout_shoals, serial_shops, bzr_entry_gold
Shoals:4: shoals_end_grunt_ice, layout_shoals, nicolae_shoals_this_corrosion
Spider:1: layout_spider_delve, drop_trap, zaba_anthell
Spider:2: layout_spider_delve, uniq_arachne
Spider:3: layout_chambers, nicolae_spider_circle_web, uniq_nikola
Spider:4: guppyfry_spider_rune
Orc:1:    layout_diamond_mine
Orc:2:    st_orc_town, layout_diamond_mine, mines1_david
Abyss:5:  base: D:15, hangedman_stitches_earthworm,
          doesnt_abyss_rune_brain_food, evilmike_abyss_exit_plants,
          nicolae_abyss_rune_star_stuff

Skill      XL: |  1  2  3  4  5  6  7  8  9 10 11 12 13 14 15 16 17 |
---------------+----------------------------------------------------+-----
Axes           | 3 4 5 6 8 9 11 12 14 15 16 17 18 | 18.0
Fighting       | 3 4 5 6 7 8 9 11 12 13 | 13.3
Armour         | 4 5 6 7 8 9 10 11 12 13 | 13.7
Shields        | 4 5 6 7 8 9 10 11 12 13 | 13.6
Invocations    | 1 2 4 6 8 9 11 12 13 14 15 | 15.0
Dodging        | 4 6 7 8 |  8.0

Action                   |  1- 3 |  4- 6 |  7- 9 | 10-12 | 13-15 | 16-18 || total
-------------------------+-------+-------+-------+-------+-------+-------++-------
Melee: War axe           |    33 |   176 |   379 |       |       |       ||   588
       Unarmed           |       |       |     3 |       |       |       ||     3
       Broad axe         |       |       |       |   635 |  1008 |   477 ||  2120
       Kick              |       |       |       |       |    94 |   171 ||   265
Invok: Lesser Servant of |       |       |       |     2 |    10 |     4 ||    16
       Greater Servant o |       |       |       |       |     2 |     4 ||     6
 Abil: Heal Wounds       |     2 |     7 |    11 |    18 |    16 |       ||    54
Evoke: Wand              |       |       |       |       |     1 |       ||     1
       Condenser vane    |       |       |       |       |     1 |     1 ||     2
  Use: Scroll            |       |       |       |    23 |    13 |     6 ||    42
       Potion            |       |       |       |       |     2 |     2 ||     4
 Stab: Distracted        |       |       |       |       |     6 |     2 ||     8
       Confused          |       |       |       |       |       |     4 ||     4
Armor: Scale mail        |    12 |    28 |       |       |       |       ||    40
       Chain mail        |       |    77 |   123 |       |       |       ||   200
       Plate armour      |       |       |    49 |   367 |   526 |   149 ||  1091
Dodge: Dodged            |    27 |    42 |    73 |   109 |   245 |   164 ||   660
Block: Kite shield       |    28 |   116 |   367 |   544 |   942 |   405 ||  2402
       Reflection        |       |       |     7 |    40 |    74 |       ||   121

Table legend: (Time is in decaauts)
 A = Elapsed time spent in this place.
 B = Non-inter-level travel time spent in this place.
 C = Inter-level travel time spent in this place.
 D = Time resting spent in this place.
 E = Time spent auto-exploring this place.
 F = Levels seen in this place.
 G = Mean time per level.
                   A        B        C        D        E       F      G
               +--------+--------+--------+--------+--------+-----+--------+
         Total |  15983 |  14546 |   1437 |     51 |   9357 |  33 |  484.3 |
       Dungeon |  10031 |   9374 |    657 |      0 |   6492 |  15 |  668.7 |
          Lair |   2008 |   1745 |    263 |      0 |   1308 |   4 |  502.0 |
        Shoals |   1087 |    909 |    178 |      0 |    240 |   4 |  271.8 |
   Spider Nest |   1103 |    874 |    229 |      0 |    291 |   4 |  275.8 |
  Orcish Mines |   1256 |   1147 |    109 |      0 |    840 |   2 |  628.0 |
         Abyss |    208 |    208 |      0 |      0 |    115 |   2 |  104.0 |
        Bazaar |     90 |     90 |      0 |      0 |     52 |   1 |   90.0 |
      Gauntlet |    196 |    196 |      0 |     51 |     17 |   1 |  196.0 |
               +--------+--------+--------+--------+--------+-----+--------+

Top non-repeatable levels by time:
    D:14: 1078 daAuts
     D:6: 1013 daAuts
   Orc:2: 1012 daAuts
  Lair:4: 974 daAuts
    D:10: 849 daAuts
    D:15: 807 daAuts
    D:11: 775 daAuts
     D:4: 761 daAuts
    D:13: 744 daAuts
    D:12: 741 daAuts
     D:9: 723 daAuts
     D:5: 719 daAuts
     D:8: 718 daAuts
  Lair:2: 669 daAuts
     D:7: 626 daAuts
